 Dungeon Crawl Stone Soup version 0.30.1-11-g7821555f0a (webtiles) character file.

Game seed: 3452471900277850121

38 ChrisAssaf the Shield-Bearer (level 3, 0/36 HPs)
             Began as a Troll Fighter on Dec 11, 2023.
             Slain by a goblin
             ... wielding a +0 club
             ... led by Robin
              (4 damage)
             ... on level 2 of the Dungeon.
             The game lasted 00:01:36 (251 turns).

ChrisAssaf the Shield-Bearer (Troll Fighter)         Turns: 251, Time: 00:01:36

Health: 0/36       AC:  4    Str: 24    XL:     3   Next: 25%
Magic:  2/2        EV:  9    Int:  6    God:
Gold:   29         SH:  7    Dex:  9    Spells: 2/2 levels left

rFire   . .          .
                       - Unarmed
rCold   . . .        b - +0 kite shield
rNeg    . . .        a - +0 robe
rPois   .            (helmet restricted)
rElec   .            (no cloak)
rCorr   .            (gloves unavailable)
SInv    .            (boots unavailable)
Will    .....        (no amulet)
Stlth   +            (no ring)
HPRegen 1.06/turn    (no ring)
MPRegen 0.08/turn

%: no passive effects
@: mighty
A: large, unfitting armour, claws 3, regeneration 1, shaggy fur 1, tough skin 1
a: no special abilities


You were on level 2 of the Dungeon.
You visited 1 branch of the dungeon, and saw 2 of its levels.

You collected 29 gold pieces.

Inventory:

Armour
 a - a +0 robe (worn)
 b - a +0 kite shield (worn)
Scrolls
 d - a scroll of identify


   Skills:
 * Level 2.7 Fighting
 * Level 0.2 Armour
 * Level 2.7 Dodging
 * Level 0.2 Stealth
 * Level 3.0 Shields
 * Level 2.4 Unarmed Combat


You had 2 spell levels left.
You didn't know any spells.
Your spell library was empty.

Dungeon Overview and Level Annotations

Branches:
Dungeon (2/15)

Altars:


Innate Abilities, Weirdness & Mutations

You are too large for most types of armour.
You have claws for hands.
Your natural rate of healing is unusually fast.
You are covered in fur. (AC +1)
You have tough skin. (AC +1)


Message History

Robin throws the goblin at you! The goblin hits you with a +0 club. x2
The goblin hits you but does no damage. The hobgoblin barely misses you.
You block the goblin's attack.
You scratch Robin.
Robin is heavily wounded.
You block the goblin's attack. The goblin hits you with a +0 club.
The goblin barely misses you. You block the goblin's attack.
The hobgoblin hits you. You block the goblin's attack.
You claw Robin!
You kill Robin!
The goblin completely misses you. The goblin hits you but does no damage.
You block the hobgoblin's attack. You block the goblin's attack.
The goblin hits you with a +0 club.
Your Shields skill increases to level 3!
You have reached level 3!
Your experience leads to an increase in your attributes!
Increase (S)trength, (I)ntelligence, or (D)exterity?
You feel clever. x2; You feel stronger.
Unknown command.
Okay, then.
You closely miss the goblin. You block the goblin's attack.
The goblin hits you but does no damage. You block the goblin's attack.
The goblin hits you but does no damage. You block the goblin's attack.
The goblin barely misses you. The hobgoblin hits you.
* * * LOW HITPOINT WARNING * * *
The goblin hits you but does no damage.
You claw the goblin!
You kill the goblin!
The goblin no longer looks unusually strong.
The goblin barely misses you. You block the goblin's attack. x2
The goblin hits you with a +0 club.
* * * LOW HITPOINT WARNING * * *
The goblin hits you but does no damage. The goblin hits you with a +0 club.
* * * LOW HITPOINT WARNING * * *
You closely miss the goblin.
The goblin no longer looks unusually strong.
The goblin hits you with a +0 club.
* * * LOW HITPOINT WARNING * * *
The goblin hits you but does no damage. The goblin hits you with a +0 club.
You die...

##.....#......###
##############...####
##.....#.....##......#
##.............#.####.#
#................# .
#.............ยง.##
#.......^.......# #
#....ggg........#####.#
#....g@g...............
#....ggg....<..g......
##....g........###....
##.....#.....## #...
########...## ... #.###
.. #.# ... ....


You could see a hobgoblin (strong) and 8 goblins.

Vanquished Creatures
  Robin (D:2)
  An adder (D:2)
  A worm (D:2)
  A dart slug (D:1)
  A ball python (D:1)
  An endoplasm (D:1)
  3 goblins
  A quokka (D:1)
  2 bats (D:1)
  4 frilled lizards
16 creatures vanquished.

Notes
Turn   | Place    | Note
-------+----------+-------------------------------------------
     0 | D:1      | ChrisAssaf the Troll Fighter began the quest for the Orb.
     0 | D:1      | Reached XP level 1. HP: 22/22 MP: 0/0
   109 | D:1      | Found a faded altar of an unknown god.
   128 | D:1      | Reached XP level 2. HP: 25/29 MP: 1/1
   173 | D:1      | You fall into a shaft and drop 1 floor!
   233 | D:2      | Noticed Robin
   248 | D:2      | Killed Robin
   249 | D:2      | Reached skill level 3 in Shields
   249 | D:2      | Reached XP level 3. HP: 12/36 MP: 2/2
   251 | D:2      | Slain by a goblin

Illustrated notes

Levels and vault maps discovered:
D:1:      shiori_shiawase, layout_basic, hellmonk_ecumenical_altar_heavens_door,
          minmay_small_reverse_x
D:2:      layout_rooms, minmay_tripent, uniq_natasha, uniq_robin

Skill      XL: |  1  2 |
---------------+-------+-----
Shields        | 3 |  3.0
Fighting       | |  2.7
Armour         | |  0.2
Dodging        | |  2.7
Stealth        | |  0.2
Unarmed Combat | |  2.4

Action                     || total
---------------------------++-------
  Melee: Unarmed           ||    40
    Use: Potion            ||     2
         Scroll            ||     1
 Armour: Robe              ||    31
  Dodge: Dodged            ||    26
  Block: Kite shield       ||    27
